 Dungeon Crawl Stone Soup version 0.16-a0-3706-g5dff784 (webtiles) character file.

332639 Leibowitz the Acrobat (level 22, -11/150 HPs)
             Began as a Kobold Gladiator on Jan 18, 2015.
             Was the Champion of Okawaru.
             Killed from afar by a lich (49 damage)
             ... with a crystal spear
             ... on level 3 of the Depths on Jan 19, 2015.
             The game lasted 05:33:58 (56812 turns).

Leibowitz the Acrobat (Kobold Gladiator)           Turns: 56812, Time: 05:34:02

Health: -11/150    AC: 16    Str: 11    XL:     22   Next: 78%
Magic:  46/46      EV: 44    Int:  9    God:    Okawaru [******]
Gold:   5087       SH: 12    Dex: 37    Spells: 0 memorised, 21 levels left

rFire  + + .     SeeInvis +     a - +10 dagger of Tahuqilo {pierce, +Rage MP+9 Int+3}
rCold  x . .     Clarity  .     y - +3 leather armour "Mningoezi" {rF++ rC- MR+ Regen+ HP+9 Str-3 Dex+3}
rNeg   + . .     SustAb   .     K - +0 buckler "Psepod" {rN+ Dex+5}
rPois  +         Gourm    .     F - +0 helmet {SInv}
rElec  .         Spirit   .     M - +2 cloak {+Inv}
rCorr  .         Warding  .     I - +1 pair of gloves {Dex+3}
rMut   .         Stasis   .     x - +2 pair of boots of the Assassin {Stlth++}
MR     ++...                    S - amulet of faith
Stlth  ++++++++++               j - ring of poison resistance
                                J - ring of flight

@: very slightly contaminated, invisible, very resistant to hostile
enchantments, uncannily stealthy
A: carnivore 3
a: Heroism, Finesse, Renounce Religion, Evoke Berserk Rage, Turn Visible, Evoke
Flight
}: 2/15 runes: decaying, gossamer


You were on level 3 of the Depths.
You worshipped Okawaru.
Okawaru was exalted by your worship.
You were very full.

You visited 8 branches of the dungeon, and saw 44 of its levels.
You visited the Abyss 1 time.
You also visited: Labyrinth, Sewer and Wizlab.

You collected 5573 gold pieces.
You spent 486 gold pieces at shops.

Inventory:

Hand weapons
 a - the +10 dagger of Tahuqilo (weapon) {pierce, +Rage MP+9 Int+3}
   (You found it on level 6 of the Dungeon)

   It inflicts extra damage upon your enemies.
   It affects your intelligence (+3).
   It affects your magic capacity (+9).
   It lets you go berserk.
 T - a +3 short sword of venom
Missiles
 d - 4 throwing nets (quivered)
Armour
 n - a +2 cloak of magic resistance
 x - the +2 pair of boots of the Assassin (worn) {Stlth++}
   (Okawaru gifted it to you on level 1 of the Depths)

   It makes you much more stealthy.
 y - the +3 leather armour "Mningoezi" (worn) {rF++ rC- MR+ Regen+ HP+9 Str-3 Dex+3}
   (You found it on level 3 of the Elven Halls)

   It affects your strength (-3).
   It affects your dexterity (+3).
   It greatly protects you from fire.
   It makes you vulnerable to cold.
   It affects your resistance to hostile enchantments.
   It affects your health (+9).
   It increases your rate of regeneration.
 C - a +2 robe of resistance
 F - a +0 helmet of see invisible (worn)
 I - a +1 pair of gloves of dexterity (worn)
 K - the +0 buckler "Psepod" (worn) {rN+ Dex+5}
   (You acquired it on level 8 of the Lair of Beasts)

   It affects your dexterity (+5).
   It protects you from negative energy.
 M - a +2 cloak of invisibility (worn)
Jewellery
 f - a +4 ring of dexterity
 g - an uncursed ring of protection from cold
 j - a ring of poison resistance (right hand)
 l - an uncursed amulet of regeneration
 o - an uncursed ring of protection from magic
 q - an uncursed amulet of stasis
 s - the ring "Suuhai" {rC+ Int-4 Dex+6 Stlth++}
   (You took it off a deep elf annihilator on level 3 of the Elven Halls)

   [ring of protection from cold]

   It affects your intelligence (-4).
   It affects your dexterity (+6).
   It protects you from cold.
   It makes you much more stealthy.
 D - an uncursed amulet of guardian spirit
 J - a ring of flight (left hand)
 R - an uncursed amulet of resist mutation
 S - an amulet of faith (around neck)
Magical devices
 v - a wand of hasting (5)
 A - a wand of digging (16)
 U - a wand of disintegration (15)
Scrolls
 c - 2 scrolls of summoning
 e - 2 scrolls of teleportation
 h - 34 scrolls of identify
 k - 7 scrolls of recharging
 m - 13 scrolls of remove curse
 p - 5 scrolls of enchant weapon
 t - 2 scrolls of acquirement
 w - 11 scrolls of enchant armour
 z - 7 scrolls of magic mapping
 B - a scroll of blinking
 G - 3 scrolls of fog
 O - 3 scrolls of fear
Potions
 E - 18 potions of curing
 H - 8 potions of restore abilities
 L - 2 potions of agility
 N - a potion of heal wounds
 P - a potion of cancellation
 W - 3 potions of cure mutation
 Z - 5 potions of haste
Comestibles
 i - 2 beef jerkies
 u - 3 royal jellies
 X - a meat ration
 Y - 2 slices of pizza


   Skills:
 * Level 15.8 Fighting
 - Level 12.2 Short Blades
 + Level 3.3 Throwing
 + Level 4.4 Armour
 * Level 24.9 Dodging
 + Level 20.6 Stealth
 + Level 13.3 Shields
 + Level 2.1 Invocations
 * Level 15.4 Evocations


You had 21 spell levels left.
You didn't know any spells.

Dungeon Overview and Level Annotations

Branches:
Dungeon (15/15)            Temple (1/1) D:5            Lair (8/8) D:8
  Swamp (5/5) Lair:3       Spider (5/5) Lair:6        Slime (0/6) Lair:6
    Orc (4/4) D:11            Elf (3/3) Orc:3        Vaults (0/5) D:13
 Depths (3/5) D:15

Altars:
Ashenzari
Cheibriados
Dithmenos
Elyvilon
Fedhas
Gozag
Kikubaaqudgha
Makhleb
Okawaru
Qazlal
Ru
Sif Muna
Trog
Vehumet
Xom
Yredelemnul
Zin
The Shining One

Shops:
D:5 (   D:8 }   Orc:2 (   Orc:4 [*=(   Elf:1 *

Portals:
Hell: Lair:8 Depths:1 Depths:2 Depths:3
Pandemonium: Depths:1 Depths:3
Ziggurat: Depths:2

Annotations:
Swamp:3 Nikola
Elf:2 runed door


Innate Abilities, Weirdness & Mutations

You are small and have problems with some larger weapons.
You are carnivorous and can eat meat at any time.


Message History

The frost giant hits you but does no damage.
You puncture the frost giant!
The frost giant is moderately wounded.
The lich completely misses you.
You hit the frost giant.
The frost giant is heavily wounded.
You hit the frost giant.
The frost giant is heavily wounded.
The frost giant points at you and mumbles some strange words.
The bolt of cold misses you. The lich completely misses you.
You puncture the frost giant!
The frost giant is heavily wounded.
You hit the frost giant but do no damage.
The frost giant is heavily wounded.
The frost giant hits you with a battleaxe of freezing!!
The frost giant freezes you!
* * * LOW HITPOINT WARNING * * *
The lich points at you and mumbles some strange words.
The crystal spear hits you!
You die...

.......#######..........####...#
≈≈≈....##...............####...##
.....###...c....................#
###..##........................##
##............§.............####
#...[...........?.....##.#.##
..)......c........)...##.###
.....<...≈≈..####C########
.##......≈≈..# #@#.#
..#..†...≈≈..##.#L#.#
.......^.≈≈..#[#.#.#L#
......#...≈≈≈##.# #.#C#
..#...###.≈≈≈#.# #.#.#
..##........≈## #.#.#
...##.#......# # # #.#.#.#......#
#............#


You could see a frost giant and a lich.

Vanquished Creatures
  Saint Roka (Orc:3)
  A golden dragon (Depths:2)
  Arachne (Spider:2)
  A Hellbinder (WizLab)
  2 deep elf blademasters (Elf:3)
  Asterion (Swamp:2)
  2 deep elf master archers (Elf:3)
  2 octopode crushers
  A sphinx (D:15)
  5 thorn hunters
  A storm dragon (D:15)
  5 tengu reavers
  A fire giant (Depths:1)
  Donald (Elf:3)
  A balrug (WizLab)
  Wiglaf (Depths:1)
  4 ghost moths
  3 frost giants
  An orc warlord (Orc:4)
  6 deep elf sorcerers
  Aizul (Depths:1)
  13 emperor scorpions
  Gastronok (Lair:2)
  5 stone giants
  2 very ugly things (Swamp:5)
  2 rakshasas (Depths:2)
  A vampire knight (Depths:2)
  3 reapers (WizLab)
  4 dire elephants
  5 deep elf demonologists
  11 deep elf annihilators
  A merfolk javelineer (Depths:3)
  A blizzard demon (Depths:3)
  A green death (Swamp:5)
  3 ettins
  4 vault guards (D:13)
  4 yaktaur captains
  A deep elf death mage (Elf:3)
  A great orb of eyes (D:15)
  A death ooze (Swamp:5)
  Josephine (Orc:3)
  4 fire dragons
  A minotaur (Lab)
  5 deep elf high priests
  Fannar (Orc:2)
  An ice dragon (Depths:1)
  19 hydras
  7 centaur warriors
  4 ogre magi (D:15)
  A deep troll earth mage (D:15)
  A vampire mage (Depths:3)
  3 hell beasts
  18 dancing weapons
  7 alligators
  4 orc high priests
  2 spriggan berserkers
  8 spriggans
  2 soul eaters (WizLab)
  21 deep elf knights
  A sun demon (Lair:8)
  14 death yaks
  A catoblepas (D:13)
  2 unseen horrors
  7 skeletal warriors
  A hell knight (Depths:3)
  An ice devil (WizLab)
  2 flayed ghosts
  3 spriggan druids
  4 orc knights
  A giant orange brain (Depths:3)
  7 deep elf summoners
  A necromancer (Lair:5)
  Pikel (D:5)
  5 wizards
  9 hill giants
  7 swamp dragons
  10 cyclopes
  3 orc sorcerers
  A frost giant zombie (D:15)
  9 deep elf conjurers
  3 manticores
  14 orb spiders
  A griffon (D:14)
  19 wolf spiders
  21 ugly things
  4 oklob plants (Elf:1)
  2 sixfirhies
  3 moths of wrath
  15 elephants
  12 hornets
  2 black mambas (shapeshifter) (D:15)
  9 orange demons
  Joseph (Orc:3)
  A rust devil (Depths:3)
  3 gargoyles
  A smoke demon (Lair:8)
  A torpor snail (Spider:2)
  14 spiny frogs
  Psyche (Orc:3)
  14 black mambas
  8 komodo dragons
  13 demonic crawlers
  12 yaktaurs
  A yaktaur (shapeshifter) (Elf:1)
  A kobold demonologist (WizLab)
  31 jumping spiders
  2 hellions (WizLab)
  6 blue devils
  12 deep elf priests
  2 polar bears
  4 wandering mushrooms (D:9)
  11 giant leeches
  A hellwing (Depths:3)
  2 tengu conjurers (D:15)
  Sonja (Elf:1)
  2 red devils (WizLab)
  A harpy skeleton (D:15)
  10 two-headed ogres
  7 ravens
  12 bog bodies
  A raven (shapeshifter) (Elf:2)
  12 trolls
  3 fire drakes
  5 boulder beetles
  3 baby alligators (Swamp:1)
  A raiju (shapeshifter) (Depths:3)
  74 slime creatures
  A wyvern (D:10)
  26 blink frogs
  25 tarantellas
  A spriggan (shapeshifter) (Depths:3)
  2 large abominations (Swamp:5)
  A ynoxinul (WizLab)
  8 shadows
  22 trapdoor spiders
  28 deep elf magi
  3 basilisks
  3 centaur simulacra
  47 redbacks
  2 water elementals (Depths:3)
  39 yaks
  A redback simulacrum (D:15)
  Eustachio (D:6)
  6 hippogriffs
  Grum (D:10)
  A human (D:11)
  27 deep elf fighters
  The ghost of Rebelfire the Poker, an average MfGl of Dithmenos (D:4)
  16 vampire mosquitoes
  2 mottled dragons
  4 hungry ghosts
  Edmund (D:4)
  Menkaure (D:6)
  2 hell hounds (Lair:8)
  3 insubstantial wisps (Swamp:5)
  21 porcupines
  5 wargs
  2 soldier ants
  31 swamp worms
  29 water moccasins
  11 swamp drakes
  A small abomination (Elf:3)
  9 wolves
  38 orc warriors
  32 spiders
  5 ice beasts
  11 sky beasts
  16 ogres
  4 phantoms
  A necrophage (D:11)
  11 centaurs
  10 wasps
  6 boring beetles
  Sigmund (D:4)
  13 crocodiles
  9 big kobolds
  Blork the orc (D:6)
  A wyvern zombie (D:8)
  A wyvern skeleton (D:15)
  28 giant frogs
  4 scorpions
  5 killer bees (D:13)
  2 electric eels
  2 oklob saplings (D:9)
  13 hounds
  A goliath beetle (D:9)
  13 crimson imps
  5 centaur zombies
  6 jellies
  A lava snake (D:11)
  42 orc wizards
  3 giant frog zombies
  29 orc priests
  2 centaur skeletons
  2 giant frog skeletons
  Natasha (thrice) (D:6)
  4 iguanas
  9 hell rats
  A killer bee zombie (D:7)
  8 worker ants
  6 sheep
  2 crocodile zombies (Lair:5)
  Ijyb (D:4)
  An ogre skeleton (Orc:3)
  A mummy (D:12)
  21 adders
  6 gnolls
  2 orc zombies
  69 river rats
  10 shadow imps
  2 white imps
  5 giant mites
  6 worms
  An adder zombie (D:7)
  4 giant geckos
  5 oozes
  206 orcs
  A bat zombie (D:5)
  6 giant cockroaches
  21 goblins
  13 hobgoblins
  12 jackals
  48 kobolds
  13 quokkas
  3 ball pythons (Sewer)
  17 bats
  A giant gecko zombie (D:9)
  A giant newt (D:1)
  A giant spore (D:9)
  4 orc skeletons (Orc:3)
  2 quokka skeletons (D:5)
  2 quokka zombies (D:8)
  20 rats
  A ballistomycete (D:9)
  3 crawling corpses (Elf:3)
  A fungus (D:14)
  3 plants
1933 creatures vanquished.

Vanquished Creatures (others)
  An octopode crusher (Depths:1)
  A deep elf sorcerer (Elf:3)
  A wizard (D:3)
  A wolf spider (Spider:3)
  A centaur zombie (D:10)
  A torpor snail (Depths:1)
  A fire drake (D:11)
  A water elemental (Depths:1)
  A wraith (D:13)
  A spriggan (Swamp:5)
  A lost soul (Elf:3)
  A crimson imp (D:15)
  A hound (D:5)
  2 orc wizards
  An adder (D:9)
  2 orcs (Orc:4)
  A bat (D:10)
  A rat (D:5)
  A briar patch (Swamp:5)
  A fungus (Lair:6)
22 creatures vanquished.

Grand Total: 1955 creatures vanquished

Notes
Turn   | Place    | Note
--------------------------------------------------------------
     0 | D:1      | Leibowitz, the Kobold Gladiator, began the quest for the Orb.
     0 | D:1      | Reached XP level 1. HP: 12/12 MP: 1/1
   293 | D:1      | Reached XP level 2. HP: 17/17 MP: 2/2
   753 | D:1      | Reached XP level 3. HP: 20/22 MP: 3/3
  1414 | D:2      | Reached XP level 4. HP: 27/27 MP: 4/4
  1664 | D:2      | Reached skill level 5 in Short Blades
  1688 | D:2      | Reached skill level 1 in Stealth
  1824 | D:2      | Gained mutation: You have sharp toenails. [potion of mutation]
  1824 | D:2      | Gained mutation: Your spells are a little harder to cast, but a little more powerful. [potion of mutation]
  1824 | D:2      | Lost mutation: You have sharp toenails. [potion of mutation]
  1901 | D:3      | Found a bloodstained altar of Trog.
  1901 | D:3      | Noticed a wizard
  1909 | D:3      | Killed a wizard
  1972 | D:3      | Reached XP level 5. HP: 23/32 MP: 5/5
  2020 | D:3      | Reached skill level 5 in Dodging
  2020 | D:3      | Reached skill level 1 in Shields
  2274 | D:3      | Reached XP level 6. HP: 30/37 MP: 6/6
  2509 | D:4      | Noticed Sigmund
  2512 | D:4      | Noticed Ijyb
  2538 | D:4      | Killed Sigmund
  2538 | D:4      | Reached skill level 1 in Armour
  2545 | D:5      | Entered Level 5 of the Dungeon
  2547 | D:5      | Noticed a slave
  2594 | D:5      | Found a staircase to the Ecumenical Temple.
  2620 | Temple   | Entered the Ecumenical Temple
  2765 | D:5      | Found a glowing drain.
  2793 | Sewer    | Entered a sewer
  2824 | Sewer    | Reached XP level 7. HP: 41/41 MP: 7/7
  2843 | Sewer    | Reached skill level 6 in Dodging
  3431 | D:5      | Reached XP level 8. HP: 46/48 MP: 8/8
  3541 | D:5      | Found a shattered altar of Ashenzari.
  3554 | D:5      | Reached skill level 7 in Dodging
  3564 | D:5      | Found Wistis' Antique Weapon Shop.
  3642 | D:5      | Found a burning altar of Makhleb.
  3721 | D:5      | Noticed a slave
  3722 | D:5      | Noticed a slave
  3723 | D:5      | Noticed Pikel
  3724 | D:5      | Noticed a slave
  3769 | D:5      | Killed Pikel
  3769 | D:5      | Reached skill level 5 in Stealth
  3897 | D:5      | Found an iron altar of Okawaru.
  3905 | D:5      | Became a worshipper of Warmaster Okawaru
  3962 | D:5      | Found a basalt altar of Yredelemnul.
  3962 | D:5      | Found an ancient bone altar of Kikubaaqudgha.
  3973 | D:5      | Found a deep blue altar of Sif Muna.
  3976 | D:5      | Found an opulent altar of Gozag.
  3977 | D:5      | Found a shadowy altar of Dithmenos.
  4082 | D:5      | Reached XP level 9. HP: 29/52 MP: 9/9
  4097 | D:5      | Reached skill level 8 in Dodging
  4600 | D:4      | Noticed Rebelfire's ghost (average MfGl)
  4642 | D:4      | Killed Rebelfire's ghost
  4739 | D:4      | Killed Ijyb
  4972 | D:4      | Noticed Edmund
  4985 | D:4      | Killed Edmund
  4985 | D:4      | Acquired Okawaru's first power
  5176 | D:4      | You fall through a shaft for 2 floors!
  5391 | D:6      | Noticed Menkaure
  5394 | D:6      | Noticed Natasha
  5401 | D:6      | Noticed Eustachio
  5489 | D:6      | Noticed Blork the orc
  5506 | D:6      | Killed Eustachio
  5519 | D:6      | Killed Blork the orc
  5558 | D:6      | Reached skill level 5 in Fighting
  5620 | D:6      | Killed Menkaure
  5620 | D:6      | Reached skill level 9 in Dodging
  5680 | D:6      | Killed Natasha
  5725 | D:6      | Noticed Natasha
  5838 | D:6      | Reached XP level 10. HP: 59/59 MP: 10/10
  5895 | D:6      | Killed Natasha
  5956 | D:6      | Noticed Natasha
  5962 | D:6      | Killed Natasha
  6060 | D:6      | Reached skill level 5 in Shields
  6182 | D:7      | Found a radiant altar of Vehumet.
  6241 | D:7      | Found a snail-covered altar of Cheibriados.
  6478 | D:7      | You fall through a shaft for 2 floors!
  6860 | D:7      | Reached skill level 10 in Dodging
  7060 | D:8      | Noticed a cyclops
  7077 | D:8      | Noticed a fire dragon
  7161 | D:8      | Noticed a manticore
  7203 | D:8      | Killed a cyclops
  7216 | D:8      | Noticed a manticore
  7221 | D:8      | Found a staircase to the Lair.
  7282 | D:8      | Reached XP level 11. HP: 38/66 MP: 11/11
  7372 | D:8      | Killed a manticore
  7478 | D:8      | Reached skill level 11 in Dodging
  7853 | D:8      | Found Sunwell's Gadget Emporium.
  7970 | D:7      | Killed a manticore
  8189 | Lair:1   | Entered Level 1 of the Lair of Beasts
  8623 | Lair:1   | Reached skill level 10 in Stealth
  8920 | Lair:1   | Reached skill level 12 in Dodging
  9192 | Lair:2   | Found a labyrinth entrance.
  9200 | Lab      | Entered a labyrinth
  9322 | Lab      | Noticed a minotaur
  9337 | Lab      | Killed a minotaur
  9358 | Lab      | Got a warped steel ring
  9418 | Lab      | Identified the ring "Doonad" {Fire Str+2} (You found it in a labyrinth)
  9477 | Lair:2   | Acquired Okawaru's second power
  9500 | Lair:2   | Noticed Gastronok
  9522 | Lair:2   | Killed Gastronok
  9522 | Lair:2   | Reached XP level 12. HP: 66/72 MP: 13/13
  9747 | Lair:2   | Reached skill level 1 in Invocations
  9806 | Lair:2   | Received a gift from Okawaru
 10078 | Lair:2   | Reached skill level 13 in Dodging
 11346 | Lair:3   | Reached XP level 13. HP: 68/79 MP: 15/15
 11510 | Lair:3   | Received a gift from Okawaru
 11516 | Lair:3   | Reached skill level 14 in Dodging
 11632 | Lair:3   | Found a staircase to the Swamp.
 12783 | D:9      | Identified Streysm's Compendium of Damaging Fire (You found it on level 9 of the Dungeon)
 13019 | D:9      | Found a blossoming altar of Fedhas.
 13386 | D:10     | Entered Level 10 of the Dungeon
 13535 | D:10     | Noticed Grum
 13565 | D:10     | Killed Grum
 14193 | D:11     | Reached skill level 10 in Short Blades
 14217 | D:11     | Found a staircase to the Orcish Mines.
 14685 | D:11     | Found a white marble altar of Elyvilon.
 15322 | Orc:1    | Entered Level 1 of the Orcish Mines
 15467 | Orc:2    | Found a deep blue altar of Sif Muna.
 15592 | Orc:2    | Reached skill level 15 in Dodging
 15762 | D:6      | Got an ichor-stained dagger
 15763 | D:6      | Identified the +10 dagger of Tahuqilo {pierce, +Rage MP+9 Int+3} (You found it on level 6 of the Dungeon)
 15856 | D:8      | Killed a fire dragon
 16120 | Orc:2    | Found Itahudi's Weapon Shop.
 16121 | Orc:2    | Noticed Fannar
 16150 | Orc:2    | Killed Fannar
 17053 | Orc:3    | Noticed Josephine
 17069 | Orc:3    | Killed Josephine
 17069 | Orc:3    | Reached XP level 14. HP: 86/86 MP: 17/17
 17087 | Orc:3    | Found a staircase to the Elven Halls.
 17187 | Orc:3    | Noticed Joseph
 17203 | Orc:3    | Noticed Psyche
 17207 | Orc:3    | Killed Joseph
 17234 | Orc:3    | Killed Psyche
 17661 | Orc:4    | Entered Level 4 of the Orcish Mines
 17789 | Orc:4    | Noticed Saint Roka
 17838 | Orc:3    | Killed Saint Roka
 17838 | Orc:3    | Reached skill level 16 in Dodging
 17838 | Orc:3    | Reached skill level 10 in Shields
 17934 | Orc:4    | Noticed an orc warlord
 18393 | Orc:4    | Killed an orc warlord
 18548 | Orc:4    | Found Gamad's Antique Armour Emporium.
 18601 | Orc:4    | Received a gift from Okawaru
 18604 | Orc:4    | Got an ancient hand crossbow {god gift}
 18605 | Orc:4    | Identified the +2 hand crossbow of Parts Unknown {penet, +Fly rF+ Stlth++} (Okawaru gifted it to you on level 4 of the Orcish Mines)
 18616 | Orc:4    | Bought an embroidered cloak for 148 gold pieces
 18828 | Orc:4    | Found Exzaigaf's Jewellery Shop.
 19162 | Orc:4    | Found Anuudgh's General Store.
 19425 | Orc:4    | Found Dyqohoomm's Antique Weapon Emporium.
 19468 | Orc:4    | Bought an ichor-stained long sword for 221 gold pieces
 19468 | Orc:4    | Identified the +3 long sword of Oozing Pus {freeze, *Tele Dex+3} (You bought it in a shop on level 4 of the Orcish Mines)
 20375 | Lair:4   | Reached skill level 10 in Fighting
 20381 | Lair:4   | Received a gift from Okawaru
 21316 | Lair:5   | Reached skill level 1 in Evocations
 21316 | Lair:5   | Reached XP level 15. HP: 92/92 MP: 18/18
 21619 | Lair:6   | Found a staircase to the Slime Pits.
 21622 | Lair:6   | Received a gift from Okawaru
 21831 | Lair:6   | Reached skill level 17 in Dodging
 21837 | Lair:6   | Found a hole to the Spider Nest.
 21848 | Lair:6   | Received a gift from Okawaru
 23738 | Lair:8   | Entered Level 8 of the Lair of Beasts
 24123 | Lair:8   | Reached skill level 5 in Evocations
 24288 | Lair:8   | Identified a scroll of acquirement
 24289 | Lair:8   | Got a spiked buckler
 24300 | Lair:8   | Identified the +0 buckler "Psepod" {rN+ Dex+5} (You acquired it on level 8 of the Lair of Beasts)
 24843 | Lair:8   | Received a gift from Okawaru
 25046 | Lair:8   | Found a burning altar of Makhleb.
 25050 | Lair:8   | Found a gateway to Hell.
 25107 | Lair:8   | Reached skill level 18 in Dodging
 25113 | Lair:8   | Reached XP level 16. HP: 69/99 MP: 25/25
 25644 | D:8      | Upgraded the game from 0.16-a0-3699-g1c51eb1 to 0.16-a0-3706-g5dff784
 25998 | D:12     | Reached skill level 15 in Stealth
 27113 | D:13     | Found a gate to the Vaults.
 27712 | D:13     | Received a gift from Okawaru
 28678 | D:15     | Entered Level 15 of the Dungeon
 28962 | D:15     | Found a staircase to the Depths.
 28972 | Depths:1 | Entered Level 1 of the Depths
 29052 | D:15     | Found a basalt altar of Yredelemnul.
 29053 | D:15     | Found a shattered altar of Ashenzari.
 29053 | D:15     | Found an iron altar of Okawaru.
 29249 | D:15     | Noticed a storm dragon
 29259 | D:15     | Killed a storm dragon
 29262 | D:15     | Paralysed by an ogre mage for 7 turns
 29412 | D:15     | Reached XP level 17. HP: 106/106 MP: 28/28
 29597 | D:15     | Reached skill level 19 in Dodging
 29750 | D:15     | Noticed a sphinx
 30456 | D:15     | Noticed a tengu reaver
 30465 | D:15     | Killed a tengu reaver
 30466 | D:15     | Received a gift from Okawaru
 30528 | D:15     | Noticed a tengu reaver
 30551 | D:15     | Killed a tengu reaver
 30632 | D:15     | Killed a sphinx
 31127 | Depths:1 | Found a one-way gate leading to the halls of Pandemonium.
 31153 | Depths:1 | Noticed Wiglaf
 31237 | Depths:1 | Noticed an octopode crusher
 31240 | Depths:1 | Killed Wiglaf
 31246 | Depths:1 | Killed an octopode crusher
 31255 | Depths:1 | Got a faintly glowing shield
 31266 | Depths:1 | Identified the +4 shield of Smig {+Inv Int+5} (You took it off Wiglaf on level 1 of the Depths)
 31329 | Depths:1 | Killed an octopode crusher
 31472 | Depths:1 | Noticed Aizul
 31476 | Depths:1 | Received a gift from Okawaru
 31482 | Depths:1 | Killed Aizul
 31604 | Depths:1 | Reached skill level 20 in Dodging
 31829 | Depths:1 | Noticed a tengu reaver
 31834 | Depths:1 | Killed a tengu reaver
 31970 | Depths:1 | Reached skill level 10 in Evocations
 32065 | Depths:1 | Reached XP level 18. HP: 112/112 MP: 30/30
 32580 | Depths:2 | Found a magical portal.
 32583 | WizLab   | Entered The Hall of Vewoata the Hellbinder
 33539 | WizLab   | Received a gift from Okawaru
 33679 | WizLab   | Noticed Vewoata
 33684 | WizLab   | Found a burning altar of Makhleb.
 33690 | WizLab   | Killed Vewoata the Hellbinder
 33735 | WizLab   | Identified the Collected Works on the Escort
 33739 | WizLab   | Identified the Grimoire of the Entourage
 33969 | Depths:2 | Reached skill level 21 in Dodging
 34087 | Depths:2 | Found a gateway to a ziggurat.
 34518 | Depths:2 | Noticed a golden dragon
 35330 | Spider:1 | Entered Level 1 of the Spider Nest
 36554 | Spider:2 | Reached XP level 19. HP: 115/119 MP: 32/32
 37028 | Spider:2 | Received a gift from Okawaru
 37277 | Spider:2 | Noticed Arachne
 37286 | Spider:2 | Killed Arachne
 37288 | Spider:2 | Reached skill level 22 in Dodging
 40202 | Spider:5 | Entered Level 5 of the Spider Nest
 40346 | Spider:5 | Received a gift from Okawaru
 42106 | Spider:5 | Reached skill level 23 in Dodging
 42115 | Spider:5 | Received a gift from Okawaru
 42428 | Spider:5 | Reached XP level 20. HP: 118/127 MP: 0/33
 42627 | Spider:5 | Got a gossamer rune of Zot
 43342 | Swamp:1  | Entered Level 1 of the Swamp
 43440 | Swamp:1  | Received a gift from Okawaru
 43443 | Swamp:1  | Got a distressingly furry scale mail {god gift}
 43454 | Swamp:1  | Identified the +3 scale mail of Crouci {MR+ Regen+ Int+4} (Okawaru gifted it to you on level 1 of the Swamp)
 44424 | Swamp:2  | Noticed Asterion
 45210 | Elf:1    | Entered Level 1 of the Elven Halls
 45210 | Elf:1    | Found Rookyex's General Store.
 45210 | Elf:1    | Noticed Sonja
 45213 | Elf:1    | Killed Sonja
 45254 | Elf:1    | Bought a potion of curing for 39 gold pieces
 45254 | Elf:1    | Bought 2 potions of curing for 78 gold pieces
 46409 | Elf:2    | Gained mutation: You are frail (-10% HP). [mutagenic glow]
 46410 | Elf:2    | Lost mutation: You are frail (-10% HP). [potion of cure mutation]
 46410 | Elf:2    | Lost mutation: Your spells are a little harder to cast, but a little more powerful. [potion of cure mutation]
 46754 | Elf:2    | Found a runed gate.
 46761 | Elf:2    | Found a runed gate.
 46762 | Elf:2    | Found a runed gate.
 47412 | Elf:2    | Received a gift from Okawaru
 47888 | Elf:3    | Entered Level 3 of the Elven Halls
 48253 | Elf:3    | Reached XP level 21. HP: 127/132 MP: 35/35
 48500 | Elf:3    | Noticed Donald
 48515 | Elf:3    | Killed Donald
 49877 | Elf:3    | Received a gift from Okawaru
 49881 | Elf:3    | Got a warped dagger {god gift}
 49882 | Elf:3    | Identified the -1 dagger of Parts Unknown {drain, Contam rF+ rN+ MP+9} (Okawaru gifted it to you on level 3 of the Elven Halls)
 49908 | Elf:3    | Reached skill level 24 in Dodging
 49927 | Elf:3    | Reached skill level 15 in Fighting
 50278 | Elf:3    | Cast into the Abyss (a deep elf sorcerer)
 50331 | Abyss:1  | Paralysed by accursed screaming for 1 turns
 50333 | Elf:3    | Escaped the Abyss
 50354 | Elf:3    | Got a warped leather armour
 50372 | Elf:3    | Identified the +3 leather armour "Mningoezi" {rF++ rC- MR+ Regen+ HP+9 Str-3 Dex+3} (You found it on level 3 of the Elven Halls)
 50586 | Elf:3    | Got a heavily runed silver ring
 50587 | Elf:3    | Identified the ring "Suuhai" {rC+ Int-4 Dex+6 Stlth++} (You took it off a deep elf annihilator on level 3 of the Elven Halls)
 51263 | Swamp:2  | Killed Asterion
 51337 | Swamp:2  | Identified Kikubaaqudgha's Guide on Unholy Rites
 51986 | Swamp:3  | Got a crystal dagger
 51987 | Swamp:3  | Identified the +8 dagger of Ciochu {drain, Int+5 Dex+3} (You found it on level 3 of the Swamp)
 52084 | Swamp:3  | Noticed Nikola
 52617 | Swamp:4  | Received a gift from Okawaru
 53212 | Swamp:5  | Entered Level 5 of the Swamp
 53400 | Swamp:5  | Reached XP level 22. HP: 140/140 MP: 36/36
 54523 | Swamp:5  | Got a decaying rune of Zot
 55422 | D:15     | Reached skill level 15 in Evocations
 55766 | Depths:2 | Killed a golden dragon
 55766 | Depths:2 | Received a gift from Okawaru
 56812 | Depths:3 | Killed from afar by a lich

Action                   |  1- 3 |  4- 6 |  7- 9 | 10-12 | 13-15 | 16-18 | 19-21 | 22-24 || total
-------------------------+-------+-------+-------+-------+-------+-------+-------+-------++-------
Melee: Rapier            |    92 |       |       |       |       |       |       |       ||    92
       Short sword       |    13 |   159 |   431 |  1282 |   870 |       |   340 |       ||  3095
       Dagger            |       |       |       |       |  1577 |  1797 |  2058 |   598 ||  6030
       Quick blade       |       |       |       |       |       |    11 |       |       ||    11
 Fire: Blowgun           |       |       |     4 |       |       |       |     6 |       ||    10
Throw: Throwing net      |       |       |       |     1 |       |       |     7 |       ||     8
Invok: Heroism           |       |       |     2 |    11 |    14 |       |     1 |     1 ||    29
 Abil: Evoke Berserk Rag |       |       |       |       |     5 |     4 |     1 |       ||    10
       Evoke Invisibilit |       |       |       |       |    20 |    36 |    40 |    12 ||   108
       Evoke Flight      |       |       |       |       |       |       |     3 |     3 ||     6
Evoke: Wand              |       |       |       |     4 |       |       |       |       ||     4
       Phantom mirror    |       |       |       |       |       |       |     1 |       ||     1
  Use: Potion            |       |     6 |     2 |    10 |     5 |     2 |     5 |     1 ||    31
       Scroll            |       |    11 |     5 |     9 |    11 |     9 |     6 |       ||    51
 Stab: Sleeping          |       |     3 |    15 |    33 |   103 |   108 |   160 |    47 ||   469
       Distracted        |       |       |     1 |     3 |     5 |    11 |    18 |     5 ||    43
       Confused          |       |       |     1 |       |       |       |       |       ||     1
       Held in net/web   |       |       |       |     3 |       |       |     4 |       ||     7
       Invisible         |       |       |       |       |    49 |    63 |    59 |    30 ||   201
       Fleeing           |       |       |       |       |     1 |       |       |       ||     1
  Eat: Chunk             |     9 |     5 |    14 |    24 |    67 |    67 |    76 |    19 ||   281
